 Dungeon Crawl Stone Soup version 0.20-a0-1122-gb7cbeb9 (webtiles) character file.

65366 poirepourri the Severer (level 14, -2/133 HPs)
             Began as a Minotaur Fighter on May 14, 2017.
             Was a Believer of Makhleb.
             Slain by poirepourri's illusion (6 damage)
             ... woven by Mara
             ... on level 4 of the Swamp.
             The game lasted 00:41:02 (26680 turns).

poirepourri the Severer (Minotaur Fighter)         Turns: 26680, Time: 00:41:03

Health: -2/133     AC: 18    Str: 24    XL:     14   Next: 75%
Magic:  0/18       EV: 20    Int:  5    God:    Makhleb [**....]
Gold:   881        SH: 14    Dex: 12    Spells: 13/13 levels left

rFire    . . .     SeeInvis .   a - +2 war axe (freeze)
rCold    . . .     Gourm    .   c - +0 shield
rNeg     . . .     Faith    .   O - +9 ring mail of the Earth {MR+}
rPois    +         Spirit   +   J - +1 hat
rElec    .         Reflect  .   (no cloak)
rCorr    .         Harm     .   R - +0 pair of gloves
MR       ++...                  y - +0 pair of boots
Stlth    +.........             l - amulet of guardian spirit
Regen    0.4/turn               p - +3 ring of evasion
MPRegen  0.2/turn               B - ring of poison resistance

@: about to teleport, studying Invocations
A: retaliatory headbutt, horns 2, mutation resistance 1
a: Minor Destruction, Renounce Religion


You were on level 4 of the Swamp.
You worshipped Makhleb.
Makhleb was pleased with you.
You were not hungry.

You visited 4 branches of the dungeon, and saw 23 of its levels.
You also visited: Ossuary.

You collected 1482 gold pieces.
You spent 601 gold pieces at shops.

Inventory:

Hand Weapons
 a - a +2 war axe of freezing (weapon)
 b - a +0 hand crossbow
Missiles
 d - 3 throwing nets (quivered)
 s - 228 bolts
 u - 29 tomahawks
Armour
 c - a +0 shield (worn)
 y - a +0 pair of boots (worn)
 J - a +1 hat (worn)
 O - the +9 ring mail of the Earth (worn) {MR+}
   (You bought it in a shop on level 7 of the Dungeon)

   It affects your resistance to hostile enchantments.
 R - a +0 pair of gloves (worn)
Jewellery
 e - an uncursed ring of see invisible
 l - an amulet of guardian spirit (around neck)
 n - an uncursed ring of protection from fire
 p - a +3 ring of evasion (left hand)
 r - an uncursed ring of positive energy
 v - an uncursed ring of fire
 z - a +3 ring of dexterity {unknown}
 B - a ring of poison resistance (right hand)
 P - an uncursed ring of protection from magic
Wands
 j - a wand of lightning (11/15)
 q - a wand of flame (35/48)
 w - a wand of polymorph (13/24)
 E - a wand of random effects (14/48)
 F - a wand of flame (24/48)
 G - a wand of iceblast (4/15)
 K - a wand of lightning (6/15)
 L - a wand of confusion (29/48)
 M - a wand of random effects (14/48)
 N - a wand of digging (14/24)
 T - a wand of random effects (38/48)
 U - a wand of flame (26/48)
 W - a wand of iceblast (11/15)
 Y - a wand of digging (7/24)
Scrolls
 k - 4 scrolls of recharging
 m - 3 scrolls of magic mapping
 x - 7 scrolls of teleportation
 D - 13 scrolls of remove curse
Potions
 f - 5 potions of mutation
 h - 3 potions of magic
 C - 3 potions of resistance
 H - 2 potions of lignification
 I - a potion of invisibility
 S - a potion of ambrosia
 X - 2 potions of flight
Books
 t - a book of Maledictions

   Spells                             Type                      Level
   a - Corona                         Hexes                        1
   b - Ensorcelled Hibernation        Hexes/Ice                    2
   c - Confuse                        Hexes                        3
   d - Tukima's Dance                 Hexes                        3
   e - Dazzling Spray                 Conjuration/Hexes            3
 A - a book of Callings

   Spells                             Type                      Level
   a - Summon Small Mammal            Summoning                    1
   b - Call Imp                       Summoning                    2
   c - Call Canine Familiar           Summoning                    3
   d - Summon Guardian Golem          Hexes/Summoning              3
   e - Summon Lightning Spire         Summoning/Air                4
   f - Summon Ice Beast               Ice/Summoning                4
 Q - a book of Summonings

   Spells                             Type                      Level
   a - Recall                         Summoning/Translocation      3
   b - Aura of Abjuration             Summoning                    5
   c - Summon Demon                   Summoning                    5
   d - Summon Forest                  Summoning/Translocation      5
   e - Summon Mana Viper              Hexes/Summoning              5
   f - Shadow Creatures               Summoning                    6
 V - a manual of Invocations
 Z - a book of Minor Magic

   Spells                             Type                      Level
   a - Magic Dart                     Conjuration                  1
   b - Blink                          Translocation                2
   c - Call Imp                       Summoning                    2
   d - Slow                           Hexes                        2
   e - Conjure Flame                  Conjuration/Fire             3
   f - Mephitic Cloud                 Conjuration/Poison/Air       3
Comestibles
 i - 15 royal jellies
 o - 8 bread rations


   Skills:
 + Level 14.5 Fighting
 + Level 18.1 Axes
 - Level 3.6 Armour
 * Level 10.9 Dodging
 - Level 15.0 Shields
 + Level 6.8 Invocations


You had 13 spell levels left.
You didn't know any spells.

Dungeon Overview and Level Annotations

Branches:
Dungeon (12/15)            Temple (1/1) D:4            Lair (6/6) D:10
  Swamp (4/4) Lair:4        Snake (0/4) Lair:2        Slime (0/5) Lair:5
    Orc: D:9-12

Altars:
Ashenzari
Cheibriados
Dithmenos
Elyvilon
Fedhas
Gozag
Hepliaklqana
Kikubaaqudgha
Makhleb
Nemelex Xobeh
Okawaru
Qazlal
Ru
Sif Muna
Trog
Uskayaw
Vehumet
Wu Jian
Xom
Yredelemnul
Zin
The Shining One
Beogh

Shops:
D:7 *=!

Annotations:
Swamp:2 1 runed door
Swamp:4 Mara


Innate Abilities, Weirdness & Mutations

You reflexively headbutt those who attack you in melee.
You have a pair of horns on your head.
You are somewhat resistant to further mutation.


Message History

Your hellwing misses poirepourri's illusion.
Unknown command.
Unknown command.
Okay, then.
Unknown command.
Unknown command.
Unknown command.
Unknown command.
As you read the scroll of teleportation, it crumbles to dust.
You feel strangely unstable.
The hellwing disappears in a puff of smoke!
Your smoke demon barely misses poirepourri's illusion.
Your smoke demon misses poirepourri's illusion.
Your smoke demon closely misses poirepourri's illusion.
Your hellwing swoops through the air toward Mara!
Your hellwing hits Mara.
Your hellwing completely misses Mara.
Poirepourri's illusion hits you!
* * * LOW HITPOINT WARNING * * *
Poirepourri's illusion freezes you.
You die...

♣≈♣ ♣...♣♣♣ ..≈≈..
♣♣♣ ♣
≈§..≈♣♣♣♣♣♣≈≈♣
♣..♣§♣♣≈.....♣ ♣
♣≈.≈♣≈♣.....≈♣ ♣♣
♣≈.....4R3.≈≈♣
≈≈.≈≈.≈
♣♣(.....4@§≈.♣
.≈≈≈.≈≈
♣.≈≈≈♣♣≈≈@§♣♣
...♣.≈≈
♣.≈≈≈♣♣♣≈.≈.≈♣♣♣
♣♣♣..≈≈ ♣≈≈..
♣§§§≈≈..≈♣ ♣....♣
≈..♣♣♣♣R≈§≈≈≈≈.♣♣
≈......
♣♣♣♣♣..≈§§≈≈≈≈≈≈♣♣
≈≈.≈.≈≈
♣♣...≈≈≈≈≈≈≈≈≈.♣
≈≈
♣≈.≈≈.≈≈R≈≈≈≈≈.♣
♣♣
♣♣.≈≈≈≈≈≈≈≈≈≈≈≈♣
♣≈≈≈≈≈≈≈≈≈≈≈≈♣♣♣♣
♣♣


You could see 3 Maras, poirepourri's illusion, 2 friendly hellwings and a
friendly smoke demon.

Vanquished Creatures
  A very ugly thing (Swamp:3)
  2 ghost crabs
  4 two-headed ogres
  A hydra (Swamp:3)
  A catoblepas (Lair:5)
  3 alligators (Swamp:1)
  5 death yaks
  The ghost of nikopol the Fighter, a novice GrBe of Trog (D:9)
  An unseen horror (D:11)
  2 swamp dragons
  2 oklob plants (Lair:5)
  A torpor snail (Lair:5)
  4 elephants
  2 black mambas
  9 spiny frogs
  4 komodo dragons
  2 rime drakes (Lair:4)
  16 hornets
  4 bog bodies
  3 polar bears
  Prince Ribbit (D:7)
  The ghost of Gorglomux the Cudgeler, an amateur FoWr (D:4)
  4 tyrant leeches (Swamp:4)
  29 blink frogs
  6 dream sheep (Lair:6)
  11 hippogriffs
  A shadow (Swamp:4)
  22 spriggans
  19 yaks
  A wraith (D:9)
  2 wyverns
  2 hogs (D:7)
  A human (D:7)
  A hungry ghost (D:3)
  31 vampire mosquitoes
  A basilisk (Lair:3)
  2 steam dragons
  An acid dragon (D:12)
  18 swamp worms
  A soldier ant (D:11)
  15 insubstantial wisps
  6 water moccasins
  4 nagas (Lair:2)
  5 porcupines
  3 swamp drakes
  3 sky beasts
  5 orc warriors
  6 black bears
  2 ice beasts
  A necrophage (D:8)
  3 phantoms
  20 wolves
  3 boggarts (Lair:6)
  3 centaurs
  7 ogres
  The ghost of Gorglomux the Cudgeler, an amateur FoWr (D:6)
  3 crocodiles
  2 big kobolds
  An elf zombie (Ossuary)
  15 bullfrogs
  2 scorpions
  A water moccasin skeleton (D:10)
  4 wights (D:11)
  5 killer bees (D:9)
  2 electric eels
  A bullfrog zombie (D:12)
  2 centaur zombies
  4 crimson imps
  A jelly (D:8)
  3 bullfrog skeletons
  7 orc priests
  A human zombie (Ossuary)
  5 hounds
  11 orc wizards
  3 centaur skeletons
  2 iguanas
  7 worker ants
  4 mummies (Ossuary)
  2 worker ant zombies
  A howler monkey zombie (D:3)
  Robin (D:4)
  17 gnolls
  12 adders
  4 shadow imps
  12 white imps (D:11)
  2 adder zombies
  15 worms
  3 dart slugs (D:1)
  8 leopard geckos
  64 orcs
  A ball python (D:2)
  5 giant cockroaches
  18 goblins
  13 hobgoblins
  6 jackals
  3 quokkas
  8 bats
  4 frilled lizards
  3 goblin zombies (Ossuary)
  17 kobolds
  A kobold zombie (Ossuary)
  A leopard gecko skeleton (D:4)
  An orc zombie (Ossuary)
  A quokka skeleton (D:4)
  8 rats
  4 rat zombies (Ossuary)
  2 fungi
  A plant (Lair:4)
634 creatures vanquished.

Vanquished Creatures (collateral kills)
  Bai Suzhen (Swamp:4)
  6 hydras
  2 oklob plants
  A black mamba (Lair:6)
  3 spiny frogs
  A polar bear (Lair:6)
  3 vampire mosquitoes
  A swamp drake (Swamp:4)
  3 wolves (Lair:6)
  A bush (Lair:1)
  A plant (Lair:5)
23 creatures vanquished.

Vanquished Creatures (others)
  A bush (Lair:6)
  5 fungi
  13 plants
19 creatures vanquished.

Grand Total: 676 creatures vanquished

Notes
Turn   | Place    | Note
-------+----------+-------------------------------------------
     0 | D:1      | poirepourri the Minotaur Fighter began the quest for the Orb.
     0 | D:1      | Reached XP level 1. HP: 19/19 MP: 0/0
   194 | D:1      | Reached XP level 2. HP: 25/27 MP: 1/1
   659 | D:1      | Reached XP level 3. HP: 25/34 MP: 2/2
  1096 | D:1      | Noticed a centaur
  1106 | D:1      | Killed a centaur
  1106 | D:1      | Reached skill level 5 in Fighting
  1106 | D:1      | Reached skill level 3 in Axes
  1106 | D:1      | Reached XP level 4. HP: 37/42 MP: 3/3
  1439 | D:2      | Reached skill level 4 in Axes
  1482 | D:2      | Reached skill level 1 in Dodging
  1561 | D:2      | Reached XP level 5. HP: 46/48 MP: 4/4
  1692 | D:2      | Found a sacrificial altar of Ru.
  2105 | D:2      | Reached skill level 5 in Shields
  2115 | D:2      | Reached skill level 5 in Axes
  2284 | D:3      | Reached XP level 6. HP: 30/56 MP: 3/5
  2912 | D:3      | Noticed a water moccasin
  2918 | D:3      | Killed a water moccasin
  2918 | D:3      | Reached skill level 6 in Axes
  2966 | D:4      | Reached XP level 7. HP: 18/61 MP: 2/6
  3112 | D:4      | Found a hazy altar of Hepliaklqana.
  3191 | D:4      | Reached skill level 7 in Axes
  3353 | D:4      | Noticed Robin
  3367 | D:4      | Killed Robin
  3639 | D:4      | Noticed Gorglomux's ghost (amateur FoWr)
  3646 | D:4      | Killed Gorglomux's ghost
  3646 | D:4      | Reached skill level 8 in Axes
  3646 | D:4      | Reached XP level 8. HP: 70/70 MP: 7/7
  3698 | D:4      | Found a staircase to the Ecumenical Temple.
  3710 | Temple   | Entered the Ecumenical Temple
  3927 | D:5      | Entered Level 5 of the Dungeon
  4443 | D:5      | Found a sparkling altar of Nemelex Xobeh.
  4575 | D:5      | Found a deep blue altar of Sif Muna.
  4576 | D:5      | Found a burning altar of Makhleb.
  4576 | D:5      | Found an iron altar of Okawaru.
  4764 | D:5      | Became a worshipper of Makhleb the Destroyer
  4864 | D:6      | Noticed Gorglomux's ghost (amateur FoWr)
  4884 | D:6      | Killed Gorglomux's ghost
  4884 | D:6      | Reached skill level 9 in Axes
  5056 | D:6      | Found a white marble altar of Elyvilon.
  5175 | D:6      | Reached skill level 10 in Axes
  5353 | D:6      | Found a sand-covered staircase.
  5371 | Ossuary  | Entered an ossuary
  5381 | Ossuary  | Reached * piety under Makhleb
  5768 | Ossuary  | Reached XP level 9. HP: 79/79 MP: 8/8
  5968 | D:6      | Found an ancient bone altar of Kikubaaqudgha.
  6382 | D:7      | Reached skill level 11 in Axes
  6389 | D:7      | Noticed Prince Ribbit
  6412 | D:7      | Killed Prince Ribbit
  7285 | D:7      | Found Soiqor's Jewellery Boutique.
  7293 | D:7      | Bought an uncursed ring of poison resistance for 220 gold pieces
  7315 | D:7      | Found Utem Yqi's Assorted Antiques.
  7396 | D:7      | Reached skill level 12 in Axes
  7515 | D:7      | Found Guecwu's Distillery.
  7542 | D:7      | Bought a potion of heal wounds for 60 gold pieces
  7542 | D:7      | Bought a potion of heal wounds for 60 gold pieces
  7822 | D:8      | Reached XP level 10. HP: 90/90 MP: 9/9
  7829 | D:8      | Found a shattered altar of Ashenzari.
  7833 | D:8      | Reached ** piety under Makhleb
  7870 | D:8      | Noticed a two-headed ogre
  7952 | D:8      | Killed a two-headed ogre
  7952 | D:8      | Reached skill level 13 in Axes
  8330 | D:8      | Found a sacrificial altar of Ru.
  8649 | D:8      | Found a bloodstained altar of Trog.
  8909 | D:9      | Found an opulent altar of Gozag.
  8949 | D:9      | Noticed nikopol's ghost (novice GrBe)
  8986 | D:9      | Killed nikopol's ghost
  9254 | D:9      | Found a snail-covered altar of Cheibriados.
  9893 | D:10     | Entered Level 10 of the Dungeon
 10311 | D:10     | Found a roughly hewn altar of Beogh.
 10326 | D:10     | Reached *** piety under Makhleb
 10401 | D:10     | Reached skill level 10 in Shields
 10458 | D:10     | Noticed a two-headed ogre
 10468 | D:10     | Killed a two-headed ogre
 10497 | D:10     | Reached XP level 11. HP: 96/99 MP: 8/10
 10522 | D:10     | Reached skill level 14 in Axes
 10522 | D:10     | Reached skill level 5 in Dodging
 10553 | D:10     | Noticed a death yak
 10568 | D:10     | Noticed a death yak
 10569 | D:10     | Noticed a death yak
 10574 | D:10     | Killed a death yak
 10574 | D:10     | Reached **** piety under Makhleb
 10606 | D:9      | Killed a death yak
 11039 | D:10     | Reached skill level 10 in Fighting
 11394 | D:10     | Found a staircase to the Lair.
 11462 | D:10     | Killed a death yak
 11756 | D:11     | Reached skill level 15 in Axes
 11771 | D:11     | Noticed an unseen horror
 11785 | D:11     | Killed an unseen horror
 11996 | D:7      | Bought an ichor-stained ring mail for 261 gold pieces
 12006 | D:7      | Identified the +9 ring mail of the Earth {MR+} (You bought it in a shop on level 7 of the Dungeon)
 12310 | D:11     | Noticed a two-headed ogre
 12323 | D:11     | Killed a two-headed ogre
 13398 | D:11     | Reached ***** piety under Makhleb
 13985 | Lair:1   | Entered Level 1 of the Lair of Beasts
 14201 | Lair:1   | Noticed an oklob plant
 14229 | Lair:1   | Killed an oklob plant
 14635 | Lair:1   | Reached XP level 12. HP: 110/110 MP: 11/11
 14713 | Lair:1   | Noticed a two-headed ogre
 14719 | Lair:1   | Killed a two-headed ogre
 14719 | Lair:1   | Reached skill level 16 in Axes
 15844 | Lair:2   | Found a staircase to the Snake Pit.
 16563 | Lair:3   | Reached skill level 1 in Invocations
 17441 | Lair:4   | Found a burning altar of Makhleb.
 17724 | Lair:4   | Found a staircase to the Swamp.
 18480 | Lair:5   | Noticed a catoblepas
 18495 | Lair:5   | Killed a catoblepas
 19226 | Lair:5   | Found a staircase to the Slime Pits.
 19237 | Lair:5   | Reached XP level 13. HP: 21/119 MP: 3/12
 19979 | Lair:5   | HP: 5/119 [death yak[a torpor snail] (17)]
 20263 | Lair:4   | Reached skill level 17 in Axes
 20572 | Lair:6   | Entered Level 6 of the Lair of Beasts
 21965 | Swamp:1  | Entered Level 1 of the Swamp
 22040 | Swamp:1  | Reached XP level 14. HP: 67/129 MP: 8/15
 23029 | Swamp:1  | Gained mutation: You are somewhat resistant to further mutation. [a neqoxec]
 24603 | Swamp:2  | Found a runed door.
 24603 | Swamp:2  | Noticed a tentacled monstrosity
 25112 | Swamp:3  | Noticed a white very ugly thing
 25132 | Swamp:3  | Killed a white very ugly thing
 25132 | Swamp:3  | Reached skill level 15 in Shields
 25139 | Swamp:3  | Reached skill level 18 in Axes
 25140 | Swamp:3  | Reached skill level 5 in Invocations
 25212 | Swamp:3  | Reached skill level 10 in Dodging
 25958 | Swamp:4  | Entered Level 4 of the Swamp
 26201 | Swamp:4  | Noticed Bai Suzhen
 26232 | Swamp:4  | HP: 6/133 [Bai Suzhen] (11)]
 26235 | Swamp:4  | Killed Bai Suzhen
 26627 | Swamp:4  | Noticed Mara
 26645 | Swamp:4  | Noticed poirepourri's illusion
 26675 | Swamp:4  | HP: 3/133 [poirepourri's illusion[Mara] (5)]
 26680 | Swamp:4  | HP: 4/133 [poirepourri's illusion[Mara] (13)]
 26680 | Swamp:4  | Slain by poirepourri's illusion

Vault maps used:
D:1:      kilobyte_arrival_exit_the_forest, minmay_misc_feat_plants
D:2:      lemuel_doored_altar
D:3:      first_bread
D:4:      old_standard_altar, temple_hall, uniq_robin
D:5:      nemelex_altar_shiori, gammafunk_temple_overflow_forgotten,
          due_unseen_surprise
D:6:      kiku_gazebo_pond_becter, elyvilon_altar_5,
          lightli_ossuary_entry_decrepit_ruins
D:7:      serial_shops, shop, nicolae_shop_trees, shop, grunt_livestock,
          uniq_prince_ribbit1
D:8:      kennysheep_mini_moat, nicolae_ashenzari_panopticon,
          nicolae_ru_sacrificial_ziggurat
D:9:      nicolae_gozag_cash_rules_everything_around_me, cheibriados_altar_1
D:10:     dpeg_lair_monsters
D:11:     portal_ice_cave_entry_imps, serial_park_tiny_2
D:12:     minmay_statue_hallways, orc_0_dummy, serial_shops, shop
Temple:   jpeg_temple_alley_garden
Lair:1:   minmay_lair_oklob_bushes, wad_woods_river_01
Lair:2:   minmay_snake_entry_guardpost_small
Lair:4:   minmay_swamp_entry_swarm, basic_altar, worms_lemuel
Lair:5:   minmay_slime_entry_oklob_open
Lair:6:   minmay_lair_end_enchanted_forest, lemuel_fruit_tree
Swamp:1:  hangedman_swamp_diagram
Swamp:2:  cheibrodos_swamp_sealed, evilmike_swamp_ruin_house_5
Swamp:3:  hangedman_swamp_cone
Swamp:4:  swamp_old_school, uniq_bai_suzhen, uniq_mara
Ossuary:  ossuary_minmay_tomb_2a

Skill      XL: |  1  2  3  4  5  6  7  8  9 10 11 12 13 14 |
---------------+-------------------------------------------+-----
Fighting       | 4 5 6 7 8 9 11 12 13 14 | 14.5
Shields        | 4 5 6 7 8 10 11 13 14 15 | 15.0
Axes           | 3 4 5 6 8 10 12 13 15 16 17 18 | 18.1
Dodging        | 1 2 3 4 5 7 9 10 | 10.9
Invocations    | 1 3 6 |  6.8
Armour         | |  3.6

Action                   |  1- 3 |  4- 6 |  7- 9 | 10-12 | 13-15 || total
-------------------------+-------+-------+-------+-------+-------++-------
Melee: War axe           |    57 |   158 |   318 |   753 |   614 ||  1900
       Headbutt          |    11 |    33 |    66 |   167 |   130 ||   407
Throw: Tomahawk          |       |       |       |     3 |       ||     3
Invok: Minor Destruction |       |       |       |     1 |       ||     1
       Lesser Servant of |       |       |       |     9 |    58 ||    67
  Use: Scroll            |     1 |     3 |     8 |    14 |     8 ||    34
       Potion            |       |       |    13 |     8 |     9 ||    30
 Stab: Petrifying        |       |       |       |     2 |       ||     2
       Distracted        |       |       |       |     1 |     3 ||     4
       Petrified         |       |       |       |     1 |       ||     1
  Eat: Bread ration      |       |     2 |     2 |     2 |     1 ||     7
       Fruit             |       |       |     4 |    12 |    16 ||    32
       Royal jelly       |       |       |     1 |       |       ||     1
       Meat ration       |       |       |       |     4 |     1 ||     5
Armor: Scale mail        |    22 |    58 |    66 |    54 |       ||   200
       Plate armour      |       |       |       |    42 |       ||    42
       Ring mail         |       |       |       |   104 |   223 ||   327
Dodge: Dodged            |    19 |    56 |    90 |   335 |   493 ||   993
Block: Shield            |    25 |    98 |   181 |   483 |   526 ||  1313
